 Dungeon Crawl Stone Soup version 0.29-a0-275-g389c0b56f3 (webtiles) character file.

Game seed: 14435340661809225166

99692 siradein the Carver (level 15, -5/122 HPs)
             Began as a Vampire Berserker on Mar 11, 2022.
             Was a High Priest of Trog.
             Killed from afar by a deep elf knight (11 damage)
             ... with a shard of ice
             ... on level 14 of the Dungeon.
             The game lasted 01:53:15 (30631 turns).

siradein the Carver (Vampire Berserker)            Turns: 30631, Time: 01:53:16

Health: -5/122     AC: 20    Str: 16    XL:     15   Next: 78%
Magic:  15/15      EV: 22    Int: 10    God:    Trog [*****.]
Gold:   313        SH:  0    Dex: 21    Spells: 14/14 levels left

rFire   x . .      SeeInvis +   r - +9 triple sword (freeze)
rCold   + + .      Faith    +   (shield currently unavailable)
rNeg    . . .      Spirit   .   y - +0 ice dragon scales
rPois   .          Reflect  .   w - +0 helmet
rElec   .          Harm     .   D - +2 cloak
rCorr   .          Rampage  .   (no gloves)
Will    +++..                   b - +0 pair of boots
Stlth   ..........              q - amulet of faith
HPRegen 1.50/turn               E - +4 ring of evasion
MPRegen 0.14/turn               o - +4 ring of slaying

@: strong-willed (expiring), on berserk cooldown, regenerating (expiring),
slowed, studying Long Blades, very slow
A: alive, fangs 3, see invisible, vampiric 2
a: Exsanguinate, Renounce Religion, Berserk, Trog's Hand, Brothers in Arms


You were on level 14 of the Dungeon.
You worshipped Trog.
Trog was extremely pleased with you.
You visited 3 branches of the dungeon, and saw 22 of its levels.
You also visited: Sewer.

You collected 2735 gold pieces.
You spent 2422 gold pieces at shops.

Inventory:

Hand Weapons
 g - a +4 great sword of flaming
 l - the +10 longbow of Imbalance {flame, Str+4 Dex+4}
   (You bought it in a shop on level 2 of the Orcish Mines)

   Any ammunition fired from it burns those it strikes, dealing additional fire
   damage.
   Str:       It affects your strength (+4).
   Dex:       It affects your dexterity (+4).
 r - a +9 triple sword of freezing (weapon)
Missiles
 i - 3 curare-tipped darts
 I - 30 poisoned darts (quivered)
 X - 2 throwing nets
Armour
 b - a +0 pair of boots (worn)
 w - a +0 helmet (worn)
 y - +0 ice dragon scales (worn)
 D - a +2 cloak (worn)
Jewellery
 o - a +4 ring of slaying (right hand)
 q - an amulet of faith (around neck)
 E - a +4 ring of evasion (left hand)
 K - a ring of poison resistance
 O - a ring of resist corrosion
 U - a ring of flight
Wands
 f - a wand of digging (6)
 B - a wand of polymorph (12)
 C - a wand of iceblast (26)
 G - a wand of paralysis (7)
 H - a wand of mindburst (17)
 Q - a wand of flame (71)
 W - a wand of acid (6)
Scrolls
 a - 2 scrolls of fog
 d - 4 scrolls of immolation
 e - 4 scrolls of magic mapping
 h - 8 scrolls of teleportation
 j - 7 scrolls of blinking
 p - 3 scrolls of summoning
 t - a scroll of fear
 J - 3 scrolls of silence
 L - a scroll of noise {unknown}
 Y - 4 scrolls of enchant armour
Potions
 c - 3 potions of heal wounds
 s - 6 potions of haste
 u - 3 potions of magic {unknown}
 v - 9 potions of curing
 x - 4 potions of might
 z - 4 potions of mutation
 F - 4 potions of attraction
 M - 2 potions of berserk rage {unknown}
 N - 2 potions of cancellation {unknown}
 R - 3 potions of invisibility
 T - 3 potions of resistance
Miscellaneous
 m - a box of beasts
 A - a phial of floods


   Skills:
 + Level 12.3 Fighting
 + Level 14.5 Long Blades
 - Level 4.2(5.8) Slings
 + Level 1.4 Bows
 - Level 6.0(6.6) Throwing
 + Level 11.2 Armour
 + Level 14.3 Dodging
 + Level 8.5 Evocations


You had 14 spell levels left.
You didn't know any spells.
Your spell library was empty.

Dungeon Overview and Level Annotations

Branches:
Dungeon (14/15)            Temple (0/1) D:5            Lair (6/6) D:9
  Swamp (0/4) Lair:2        Snake (0/4) Lair:3        Slime (0/5) Lair:6
    Orc (2/2) D:12            Elf (0/3) Orc:2        Vaults (0/5) D:14
  Sewer (visited)

Altars:
Ashenzari
Elyvilon
Makhleb
Okawaru
Uskayaw
Yredelemnul
Zin
Beogh

Shops:
D:5 *!   D:8 *   Orc:2 !(?[

Portals:
Hell: Lair:6
Trove: D:12 (give 2 scrolls of acquirement)

Annotations:
Lair:4 1 runed translucent door


Innate Abilities, Weirdness & Mutations

Your natural rate of healing is accelerated.
You have razor-sharp teeth.
You have supernaturally acute eyesight. (SInv)
You are afflicted with vampirism and can become a bat while bloodless.


Message History

Orders for allies: a - Attack new target. r - Retreat! s - Stop attacking. g - Guard the area. f - Follow me.
Anything else - Cancel.
Gang up on whom?
Press: ? - help, Dir - move target, f - deep elf archer
Aim: a deep elf archer, wielding a +0 shortbow and wearing a +0 leather armour (repelling missiles) Attack!
The deep elf archer shoots an arrow.
The arrow hits your troll!
The deep elf knight shoots an arrow.
The arrow hits you!
* * * LOW HITPOINT WARNING * * *
The deep elf archer shoots an arrow.
The arrow hits your troll!
You feel the effects of Trog's Hand fading.
The deep elf knight unwields a +0 shortbow.
The deep elf knight wields a +0 scimitar.
The deep elf knight hits you with a +0 scimitar.
* * * LOW HITPOINT WARNING * * *
The deep elf archer unwields a +0 shortbow.
The deep elf archer wields a +0 short sword of venom.
It begins to drip with poison!
The deep elf archer hits your troll with a +0 short sword of venom.
Your troll closely misses the deep elf archer.
Your troll barely misses the deep elf archer.
Your troll closely misses the deep elf archer.
The deep elf knight hits you with a +0 scimitar!
* * * LOW HITPOINT WARNING * * *
You slash the deep elf knight! You freeze the deep elf knight.
The deep elf knight is heavily wounded.
Your troll misses the deep elf archer.
Your troll claws the deep elf archer! x2
The deep elf knight hits you with a +0 scimitar!
* * * LOW HITPOINT WARNING * * *
The deep elf knight shoots an arrow.
The arrow hits the deep elf knight.
The deep elf archer hits your troll with a +0 short sword of venom!
Your troll is poisoned.
Your troll bites the deep elf archer.
Your troll claws the deep elf archer!!
The deep elf archer dies!
Trog accepts your kill.
Trog appreciates your killing of a magic user.
The deep elf knight points at you and mumbles some strange words.
The shard of ice hits you! You partially resist.
You die...

........e...........# .........
.........e..........# .........
....................# .........
...............)....########+##'#
............####T............)...
...............#.................
.........##..e.#.................
....#....##....e.................
....#.....†....#@...############'
....#..#.##....#....# #.....
.........##.#.......# #.....
....................# #.....
.........##.##[##...# #.....
.........##.##.##...# ### #.....
....###'..........+## ....###'###
....#....#...#.....# ...........
....#....#.........# ....##...<.


You could see 2 deep elf knights and a friendly troll (summoned, berserk, very
poisoned).

Vanquished Creatures
  Kirke (D:13)
  Snorg (Lair:5)
  10 hydras
  7 boulder beetles
  2 catoblepae
  A centaur warrior (D:13)
  2 dancing weapons (D:14)
  10 two-headed ogres
  Erica (D:10)
  Urug (D:10)
  10 death yaks
  A sixfirhy (Lair:6)
  Lodul (D:13)
  The ghost of dolemite99 the Bludgeoner, a novice MiFi of Wu Jian (D:7)
  A wizard (Lair:6)
  2 bog bodies (Lair:2)
  8 orc knights
  A deep elf archer (D:14)
  3 deep elf pyromancers
  An oklob plant (D:10)
  4 cyclopes
  An ugly thing (D:11)
  8 manticores
  A black mamba (Lair:5)
  19 elephants
  18 cane toads
  3 orange demons (Lair:6)
  4 rime drakes
  A gargoyle (D:11)
  4 efreet
  An unseen horror (D:11)
  A torpor snail (Lair:5)
  8 komodo dragons
  A yaktaur (shapeshifter) (D:11)
  An anaconda simulacrum (Lair:5)
  2 ice devils (Lair:5)
  An entropy weaver simulacrum (Lair:5)
  A hellwing (Lair:6)
  2 guardian mummies (D:12)
  A tengu conjurer (D:14)
  2 red devils (Lair:6)
  5 polar bears
  3 meliai (D:13)
  11 trolls
  A hornet (D:10)
  13 blink frogs
  5 slime creatures
  Sigmund (D:2)
  4 shadows
  6 wyverns
  6 wraiths
  2 basilisks
  A steam dragon (D:6)
  74 yaks
  3 vampire mosquitoes
  Menkaure (D:4)
  2 nagas (Lair:3)
  4 acid dragons
  8 wargs
  5 hell hounds (Lair:6)
  12 water moccasins
  36 orc warriors
  3 black bears
  2 sky beasts
  13 wolves
  9 ogres
  7 centaurs
  3 phantoms
  4 kobold brigands
  15 bullfrogs
  5 gnoll sergeants
  3 scorpions
  3 necrophages
  A cane toad simulacrum (Lair:5)
  8 wights
  10 killer bees
  2 troll zombies (D:12)
  An oklob sapling (D:10)
  2 howler monkeys
  3 hounds
  3 jellies
  A gnoll shaman (D:10)
  16 orc priests
  2 iguanas (D:7)
  Natasha (thrice) (D:2)
  30 orc wizards
  A wolf simulacrum (Lair:5)
  3 spriggan simulacra (Lair:5)
  4 ogre zombies (D:12)
  10 adders
  18 gnolls
  A shadow imp (D:5)
  2 white imps
  An ufetubus (D:4)
  2 worms (D:4)
  4 dart slugs
  97 orcs
  A bat (shapeshifter) (D:11)
  2 bats
  11 endoplasms
  12 giant cockroaches
  9 hobgoblins
  2 jackals (D:5)
  5 quokkas
  14 ball pythons
  8 frilled lizards
  6 goblins
  2 goblin skeletons (D:12)
  2 goblin zombies (D:12)
  2 hobgoblin skeletons (D:12)
  2 hobgoblin zombies (D:12)
  16 kobolds
  4 orc skeletons (D:12)
  7 orc zombies (D:12)
  3 rats
752 creatures vanquished.

Vanquished Creatures (collateral kills)
  A fire dragon (D:9)
  An ice dragon (Lair:5)
  2 deep elf archers (D:14)
  A yak (Lair:5)
  An iguana (D:7)
6 creatures vanquished.

Vanquished Creatures (others)
  An ogre (D:6)
  2 orc wizards
  A bush (D:10)
  15 fungi
  38 plants
  8 toadstools (Lair:4)
65 creatures vanquished.

Grand Total: 823 creatures vanquished

Notes
Turn   | Place    | Note
-------+----------+-------------------------------------------
     0 | D:1      | siradein the Vampire Berserker began the quest for the Orb.
     0 | D:1      | Reached XP level 1. HP: 17/17 MP: 1/1
   149 | D:1      | Found a faded altar of an unknown god.
   235 | D:1      | Reached XP level 2. HP: 23/23 MP: 2/2
   623 | D:1      | Gained mutation: You are afflicted with vampirism and can
                  | become a bat while bloodless. [Vampire growth]
   623 | D:1      | Reached XP level 3. HP: 29/29 MP: 3/3
   859 | D:2      | Found an iron altar of Okawaru.
   900 | D:2      | Noticed Sigmund
   911 | D:2      | Killed Sigmund
   912 | D:2      | Reached XP level 4. HP: 37/37 MP: 4/4
   912 | D:2      | Reached XP level 5. HP: 42/42 MP: 5/5
   988 | D:2      | Identified the +0 leather armour of the Equator {Str+4}
  1035 | D:2      | Noticed Natasha
  1047 | D:2      | Killed Natasha
  1295 | D:2      | Reached ** piety under Trog
  1384 | D:2      | Noticed Natasha
  1395 | D:2      | Killed Natasha
  1396 | D:2      | Reached XP level 6. HP: 43/48 MP: 6/6
  1583 | D:2      | Noticed Natasha
  1592 | D:2      | Killed Natasha
  1889 | D:3      | Found a glowing drain.
  1907 | Sewer    | Entered a sewer
  2170 | D:3      | You fall into a shaft and drop 1 floor!
  2313 | D:4      | Reached XP level 7. HP: 43/54 MP: 7/7
  2417 | D:3      | Reached *** piety under Trog
  2537 | D:3      | Found a basalt altar of Yredelemnul.
  2538 | D:3      | Found a hide-covered altar of Uskayaw.
  3136 | D:4      | Noticed Menkaure
  3152 | D:4      | Killed Menkaure
  3153 | D:4      | Reached skill level 5 in Long Blades
  3865 | D:4      | Noticed a yak
  3866 | D:4      | Noticed a yak
  3866 | D:4      | Noticed a yak
  3873 | D:4      | Killed a yak
  3874 | D:4      | Reached skill level 5 in Dodging
  3880 | D:4      | Killed a yak
  3887 | D:4      | Killed a yak
  3888 | D:4      | Reached skill level 5 in Fighting
  3888 | D:4      | Reached XP level 8. HP: 51/62 MP: 8/8
  4040 | D:5      | Entered Level 5 of the Dungeon
  4766 | D:5      | Found Ygorygoh's Serpentskin Sales.
  4778 | D:5      | Reached **** piety under Trog
  4916 | D:5      | Reached skill level 5 in Armour
  5145 | D:5      | Found a staircase to the Ecumenical Temple.
  5192 | D:5      | Found Diaczuu's Distillery.
  5198 | D:5      | Bought a potion of curing for 42 gold pieces
  5198 | D:5      | Bought a potion of heal wounds for 70 gold pieces
  5451 | D:6      | Reached XP level 9. HP: 11/69 MP: 9/9
  6898 | D:7      | Found a large runed translucent door.
  6898 | D:7      | Found a large runed translucent door.
  6900 | D:7      | Noticed dolemite99's ghost (novice MiFi)
  7308 | D:7      | Reached skill level 1 in Throwing
  7959 | D:8      | Found Caob's Assorted Antiques.
  8211 | D:8      | Reached XP level 10. HP: 79/79 MP: 10/10
  8413 | D:8      | Reached ***** piety under Trog
  9272 | D:9      | Noticed a fire dragon
  9288 | D:9      | Killed a fire dragon
  9331 | D:9      | Found a staircase to the Lair.
 10035 | D:10     | Entered Level 10 of the Dungeon
 10035 | D:10     | Noticed Erica
 10041 | D:10     | Killed Erica
 10208 | D:10     | Reached XP level 11. HP: 83/86 MP: 11/11
 10357 | D:10     | Noticed Urug
 10367 | D:10     | Killed Urug
 10373 | D:10     | HP: 4/86 [poisoned by Urug]
 11144 | D:10     | Received a gift from Trog
 11564 | D:11     | Reached skill level 10 in Dodging
 11585 | D:11     | Reached skill level 5 in Throwing
 11828 | D:11     | Noticed a two-headed ogre
 11852 | D:11     | Killed a two-headed ogre
 11937 | D:11     | Identified the +0 robe of Terror {rElec rN+}
 11960 | D:11     | Reached XP level 12. HP: 60/95 MP: 12/12
 12025 | D:11     | Reached skill level 10 in Long Blades
 12084 | D:11     | Identified the +4 scale mail of Weightlessness {Contam
                  | Will++ Stlth+}
 12330 | D:11     | Noticed a two-headed ogre
 12335 | D:11     | Noticed a two-headed ogre
 12434 | D:11     | Reached skill level 1 in Evocations
 12584 | D:11     | Killed a two-headed ogre
 12759 | D:11     | Killed a two-headed ogre
 13382 | Lair:1   | Entered Level 1 of the Lair of Beasts
 13500 | Lair:1   | Identified the +3 ring mail of Peqoivuv {Int+4}
 13832 | Lair:1   | Received a gift from Trog
 14680 | Lair:1   | Noticed an eight-headed hydra
 14715 | Lair:1   | Killed a two-headed hydra
 15259 | Lair:2   | Found a staircase to the Swamp.
 15337 | Lair:2   | Reached skill level 10 in Fighting
 15471 | Lair:2   | Reached XP level 13. HP: 103/103 MP: 13/13
 15996 | Lair:3   | Found a staircase to the Snake Pit.
 17630 | Lair:4   | Reached skill level 5 in Evocations
 18406 | Lair:4   | Found a runed translucent door.
 18552 | Lair:4   | Received a gift from Trog
 18562 | Lair:4   | Identified the +5 hunting sling "Buracykk" {speed, rElec
                  | rN+}
 19424 | Lair:5   | Reached skill level 1 in Slings
 19531 | Lair:5   | Reached XP level 14. HP: 109/111 MP: 14/14
 19662 | Lair:5   | Noticed Snorg
 19673 | Lair:5   | Killed Snorg
 20056 | Lair:5   | Reached skill level 10 in Armour
 20722 | Lair:6   | Entered Level 6 of the Lair of Beasts
 21303 | Lair:6   | Identified a scroll of acquirement
 21312 | Lair:6   | Acquired a manual of Long Blades
 21955 | Lair:6   | Found a staircase to the Slime Pits.
 22403 | Lair:6   | Found a burning altar of Makhleb.
 22729 | Lair:6   | Found a gateway to Hell.
 23016 | Lair:6   | Received a gift from Trog
 23734 | D:7      | Killed dolemite99's ghost
 23877 | D:5      | Bought a potion of brilliance for 56 gold pieces
 23877 | D:5      | Bought a potion of resistance for 140 gold pieces
 23877 | D:5      | Bought a potion of haste for 140 gold pieces
 23877 | D:5      | Bought a potion of lignification for 42 gold pieces
 23877 | D:5      | Bought a potion of mutation for 112 gold pieces
 24513 | D:12     | Reached XP level 15. HP: 111/120 MP: 15/15
 24582 | D:12     | Found a staircase to the Orcish Mines.
 25245 | D:12     | Found a portal to a secret trove of treasure.
 25258 | D:12     | Received a gift from Trog
 25584 | Orc:1    | Entered Level 1 of the Orcish Mines
 26331 | Orc:2    | Entered Level 2 of the Orcish Mines
 26807 | Orc:2    | Received a gift from Trog
 26957 | Orc:2    | Found a staircase to the Elven Halls.
 27081 | Orc:2    | Found Icoeje's Weapon Shop.
 27126 | Orc:2    | Found Hiocs's Distillery.
 27144 | Orc:2    | Bought a potion of heal wounds for 60 gold pieces
 27144 | Orc:2    | Bought a potion of attraction for 36 gold pieces
 27144 | Orc:2    | Bought a potion of curing for 36 gold pieces
 27144 | Orc:2    | Bought a potion of mutation for 96 gold pieces
 27144 | Orc:2    | Bought a potion of heal wounds for 60 gold pieces
 27443 | Orc:2    | Found Zipu Gob's Magic Scroll Emporium.
 27443 | Orc:2    | Found Seirghits's Armour Shop.
 27449 | Orc:2    | Bought a scroll of blinking for 90 gold pieces
 27449 | Orc:2    | Bought a scroll of teleportation for 36 gold pieces
 27449 | Orc:2    | Bought a scroll of teleportation for 36 gold pieces
 27449 | Orc:2    | Bought a scroll of identify for 24 gold pieces
 27449 | Orc:2    | Bought a scroll of teleportation for 36 gold pieces
 27569 | Orc:2    | Received a gift from Trog
 28335 | D:13     | Noticed Lodul
 28778 | D:13     | Found a broken altar of Ashenzari.
 28863 | D:13     | Killed Lodul
 29053 | Orc:2    | Bought the +10 longbow of Imbalance {flame, Str+4 Dex+4}
                  | for 1310 gold pieces
 29497 | D:13     | Noticed Kirke
 29512 | D:13     | Killed Kirke
 30131 | D:14     | Reached skill level 1 in Bows
 30263 | D:14     | Found a gate to the Vaults.
 30622 | D:14     | HP: 6/122 [deep elf knight/arrow (6)]
 30631 | D:14     | HP: 6/122 [deep elf knight/+0 scimitar (7)]
 30631 | D:14     | Killed from afar by a deep elf knight

Illustrated notes

Levels and vault maps discovered:
D:1:      minmay_arrival_solitary_statue, layout_basic,
          dreamdust_ecumenical_altar_hidden_monk_grotto
D:2:      layout_basic, basic_altar, uniq_sigmund, uniq_natasha
D:3:      minmay_skewed_foursquare, layout_basic,
          eat_drink_and_be_merry_uskayaw, yredelemnul_altar_generic,
          portal_sewer_entry_f, chequers_serial_rivers_large_a
D:4:      layout_basic, uniq_menkaure
D:5:      layout_basic, minmay_temple_entry_proselytizer, serial_shops,
          nicolae_shop_competitors_out_of_business, guppyfry_shop_venom
D:6:      layout_basic
D:7:      layout_loops_corners, lemuel_doored_altar, ebering_ghost_disaster_area
D:8:      layout_basic, mainiacjoe_overflow_brackets, serial_shops,
          nicolae_shop_statue_plus, abandoned_shop, kennysheep_donut,
          minmay_misc_feat_room, minmay_fractal_squares_5
D:9:      layout_irregular_city, minmay_lair_entry_lava
D:10:     layout_roguey, grunt_ministairs_6, introduction_to_nature_2,
          uniq_erica, uniq_urug
D:11:     minmay_the_grid_octo_tiled_octocenter [minmay_the_grid_octo_focus,
          minmay_the_grid_octo_horde, minmay_the_grid_octo_thin_diamonds,
          minmay_the_grid_octo_pinwheel, minmay_the_grid_octo_prize_big_c,
          minmay_the_grid_square_5x5_fat_x, minmay_the_grid_square_5x5_three,
          minmay_the_grid_square_5x5_sharp_hourglass,
          minmay_the_grid_square_5x5_six_small], layout_loops_corners
D:12:     layout_basic, zombieorc1_lemuel, nicolae_trove_entry_path_of_doom
D:13:     layout_stronghold, nicolae_ashenzari_skybound, uniq_kirke, uniq_lodul
D:14:     layout_gridville, erik_vaults_1, hangedman_abyss_or_decor_lesser_grid
Lair:1:   layout_hall_layers
Lair:2:   layout_long_grid, skrybe_swamp_entry_bodies
Lair:3:   layout_cave_pods, guppyfry_snake_entry_island, minivault_26
Lair:4:   gammafunk_lair_enchanted_lake, layout_misc_corridors,
          beast_lair_carwin_5, serial_bayou_shore_b, grunt_megastairs_5
Lair:5:   dreamdust_isle_of_ice, layout_big_grid, serial_bayou_shore_b,
          uniq_snorg
Lair:6:   evil_forest, layout_big_grid, minmay_slime_entry_pillars,
          serial_bayou_pond_a, infiniplex_staircase_pool_2
Orc:1:    layout_caves, rock_pile
Orc:2:    st_orc_town, layout_caves

Skill      XL: |  1  2  3  4  5  6  7  8  9 10 11 12 13 14 15 |
---------------+----------------------------------------------+-----
Fighting       | 3 4 5 6 7 8 9 10 11 12 | 12.3
Armour         | 2 3 4 5 6 7 8 9 10 11 | 11.2
Long Blades    | 4 5 6 7 8 9 10 11 13 14 | 14.5
Dodging        | 3 4 5 6 8 9 10 11 12 13 14 | 14.3
Throwing       | 2 3 5 6 |  6.0
Evocations     | 3 5 7 8 |  8.5
Slings         | 1 4 |  4.2
Bows           | 1 |  1.4

Action                   |  1- 3 |  4- 6 |  7- 9 | 10-12 | 13-15 || total
-------------------------+-------+-------+-------+-------+-------++-------
Melee: Falchion          |    94 |   131 |   241 |       |       ||   466
       Bite              |     6 |     9 |    54 |   100 |   212 ||   381
       Punch             |     1 |     3 |     1 |       |       ||     5
       Long sword        |       |       |   141 |   119 |       ||   260
       Scimitar          |       |       |       |   514 |   711 ||  1225
       Great sword       |       |       |       |       |   292 ||   292
       Triple sword      |       |       |       |       |   271 ||   271
       Unarmed           |       |       |       |       |    10 ||    10
 Fire: Hunting sling     |       |       |       |       |    32 ||    32
       Longbow           |       |       |       |       |    23 ||    23
Throw: Dart              |     2 |       |       |    11 |    15 ||    28
Invok: Berserk           |     2 |     1 |     7 |     6 |    17 ||    33
       Trog's Hand       |       |       |       |     6 |    16 ||    22
       Brothers in Arms  |       |       |       |     1 |     2 ||     3
  Use: Scroll            |       |       |     2 |       |    18 ||    20
       Potion            |       |       |       |       |     1 ||     1
 Stab: Sleeping          |       |       |     3 |       |       ||     3
Armor: Chain mail        |    44 |     7 |       |       |       ||    51
       Animal skin       |     2 |       |       |       |       ||     2
       Leather armour    |       |    24 |    67 |       |       ||    91
       Acid dragon scale |       |       |     2 |    70 |       ||    72
       Troll leather arm |       |       |       |     8 |     9 ||    17
       Ring mail         |       |       |       |    63 |   125 ||   188
       Ice dragon scales |       |       |       |       |   376 ||   376
Dodge: Dodged            |    35 |    90 |   249 |   527 |  1167 ||  2068
Block: Buckler           |       |       |    40 |    81 |       ||   121
       Kite shield       |       |       |       |    82 |   316 ||   398

Table legend: (Time is in decaauts)
 A = Elapsed time spent in this place.
 B = Non-inter-level travel time spent in this place.
 C = Inter-level travel time spent in this place.
 D = Time resting spent in this place.
 E = Time spent auto-exploring this place.
 F = Levels seen in this place.
 G = Mean time per level.
                   A        B        C        D        E       F      G
               +--------+--------+--------+--------+--------+-----+--------+
         Total |  31176 |  29905 |   1271 |   3749 |  19476 |  23 | 1355.5 |
       Dungeon |  18103 |  17186 |    917 |   1972 |  11550 |  14 | 1293.1 |
          Lair |  10116 |   9836 |    280 |   1236 |   6441 |   6 | 1686.0 |
  Orcish Mines |   2680 |   2607 |     73 |    540 |   1314 |   2 | 1340.0 |
         Sewer |    275 |    275 |      0 |      0 |    171 |   1 |  275.0 |
               +--------+--------+--------+--------+--------+-----+--------+

Top non-repeatable levels by time:
  Lair:6: 2486 daAuts
    D:10: 1939 daAuts
  Lair:4: 1741 daAuts
    D:12: 1720 daAuts
  Lair:5: 1684 daAuts
    D:11: 1660 daAuts
  Lair:3: 1660 daAuts
  Lair:1: 1637 daAuts
    D:13: 1378 daAuts
     D:8: 1374 daAuts
   Orc:2: 1369 daAuts
     D:7: 1365 daAuts
     D:5: 1346 daAuts
   Orc:1: 1311 daAuts
     D:4: 1250 daAuts
